 Dungeon Crawl Stone Soup version 0.31-a0-182-gc5ef74bbde (webtiles) character file.

Game seed: 8025612260008226271

949 qw the Chopper (level 8, -2/48 HPs)
             Began as a Gargoyle Fighter on June 21, 2023.
             Slain by a black bear (6 damage)
             ... on level 6 of the Dungeon.
             The game lasted 00:02:25 (4577 turns).

qw the Chopper (Gargoyle Fighter)                   Turns: 4577, Time: 00:02:26

Health: -2/48      AC: 16    Str: 22    XL:     8   Next: 13%
Magic:  8/8        EV:  5    Int:  9    God:
Gold:   206        SH: 11    Dex:  9    Spells: 7/7 levels left

rFire   . . .        Y - +2 war axe
rCold   . . .        s - +2 kite shield
rNeg    + . .        m - +1 plate armour
rPois   inf          e - +2 hat
rElec   +            (no cloak)
rCorr   .            (no gloves)
SInv    .            (no boots)
Will    .....        (no amulet) Stlth
                     (no ring)
HPRegen 0.28/turn    (no ring)
MPRegen 0.11/turn

%: no passive effects
@: about to teleport, corroded
A: sickness immunity, AC +5, negative energy resistance 1, electricity
resistance, torment resistance 1, petrification resistance
a: no special abilities


You were on level 6 of the Dungeon.
You visited 1 branch of the dungeon, and saw 6 of its levels.

You collected 206 gold pieces.


Innate Abilities, Weirdness & Mutations

You are immune to sickness and miasma.
Your stone body is resilient. (AC +5)
You are immune to poison.
You resist negative energy. (rN+)
You are resistant to electric shocks. (rElec)
You are resistant to unholy torment.
You are immune to petrification.


   Skills:
 - Level 4.0 Fighting
 + Level 6.7 Axes
 - Level 1.3 Throwing
 - Level 3.2 Armour
 - Level 6.2 Shields


You had 7 spell levels left.
You didn't know any spells.
Your spell library was empty.

Inventory:

Hand Weapons
 l - a +0 flail
 Y - a +2 war axe (weapon)
Missiles
 c - 4 javelins (quivered)
 q - 2 boomerangs
Armour
 e - a +2 hat (worn)
 m - a +1 plate armour (worn)
 s - a +2 kite shield (worn)
Jewellery
 g - a ring of fire
Scrolls
 b - 2 scrolls of identify
Potions
 a - 2 potions of haste
 d - a potion of might
 f - 2 potions of attraction
 h - 2 potions of enlightenment
 i - a potion of berserk rage {unknown}
 j - a potion of brilliance {unknown}
 k - 2 potions of heal wounds
 o - 2 potions of curing
 r - a potion of resistance {unknown}

Dungeon Overview and Level Annotations

Branches:
Dungeon (6/15)
 Temple: D:4-7

Altars:
Hepliaklqana
Ru
Trog
Uskayaw
Wu Jian
Yredelemnul

Portals:
Abyss: D:4

Annotations:
D:3 exclusions: 4 orcs and orc wizard
D:4 2 transporters, qw's ghost, amateur GrFi


Message History

The black bear claws you.
The black bear claws you but does no damage.
The jelly closely misses you.
You slash the jelly!
You kill the jelly!
You barely miss the black bear. The black bear barely misses you.
The black bear claws you but does no damage. x2
You slash the black bear!
The black bear is heavily wounded.
The black bear bites you.
The black bear claws you but does no damage.
You block the black bear's attack.
You slash the black bear!
The black bear is severely wounded.
The black bear goes berserk!
You block the black bear's attack.
The black bear claws you but does no damage.
You block the black bear's attack.
You barely miss the black bear.
The black bear is severely wounded.
You block the black bear's attack.
The black bear claws you but does no damage.
The black bear barely misses you.
You closely miss the black bear.
The black bear is severely wounded.
The black bear bites you but does no damage.
You block the black bear's attack. x2
The black bear bites you but does no damage.
You block the black bear's attack. The black bear claws you.
You completely miss the black bear.
The black bear is severely wounded.
The black bear bites you.
The black bear claws you but does no damage.
The black bear claws you. The black bear bites you.
The black bear claws you but does no damage. x2
4577 ||| READING scroll of teleportation.
As you read the scroll of teleportation, it crumbles to dust.
You feel strangely unstable.
You block the black bear's attack. x3; The black bear bites you.
You die...

.# ..# ..#
#####.# #.....#
######..h..#
#......@...#
#.####....##
#.# #....#
####.####....#
#............+
##.##.####....#
#.....# #....#
# ##..###
###### #.#+##
#..#### #.....


You could see a black bear (berserk).

Vanquished Creatures
  An ice beast (D:5)
  An ogre (D:5)
  A scorpion (D:5)
  A howler monkey (D:5)
  3 jellies
  A hound (D:6)
  2 orc priests
  A sleepcap (D:5)
  6 iguanas
  2 orc wizards
  Robin (D:4)
  7 gnolls (D:4)
  4 adders
  A shadow imp (D:6)
  An ufetubus (D:6)
  A worm (D:2)
  2 dart slugs
  11 orcs
  7 ball pythons
  3 endoplasms
  A giant cockroach (D:2)
  23 goblins
  10 hobgoblins
  13 jackals
  3 quokkas
  4 bats
  2 frilled lizards (D:2)
  4 kobolds
  9 rats
126 creatures vanquished.

Notes
Turn   | Place    | Note
-------+----------+-------------------------------------------
     0 | D:1      | qw the Gargoyle Fighter began the quest for the Orb.
     0 | D:1      | Reached XP level 1. HP: 14/14 MP: 1/1
     0 | D:1      | 0 ||| qw: Version: 0.3-a-9-g12657ce
     0 | D:1      | 0 ||| qw: Game counter: 1595
     0 | D:1      | 0 ||| qw: Always use a shield: true
     0 | D:1      | 0 ||| qw: God list: Okawaru
     0 | D:1      | 0 ||| qw: Allow faded altars: false
     0 | D:1      | 0 ||| qw: Do Orc after D:15 true
     0 | D:1      | 0 ||| qw: Do second Lair branch before Depths: true
     0 | D:1      | 0 ||| qw: Lair rune preference: random
     0 | D:1      | 0 ||| qw: Plans: Normal, Zot:1-4, Slime:5, God:TSO, Crypt,
                  | Tomb, Abyss, Pan, Hells, Win
     0 | D:1      | 0 ||| PLANNING D:1-11
   467 | D:1      | Reached XP level 2. HP: 19/19 MP: 2/2
   507 | D:1      | Found a faded altar of an unknown god.
   514 | D:1      | 514 ||| UPGRADING to +2 hat.
   519 | D:1      | 519 ||| READING scroll labelled TUGUUGG YLESEKE.
   522 | D:1      | 522 ||| DRINKING 2 viscous silvery potions.
   555 | D:2      | 555 ||| STAIRDANCE
   569 | D:2      | 569 ||| STAIRDANCE
   577 | D:2      | 577 ||| STAIRDANCE
   610 | D:2      | Found a bloodstained altar of Trog.
   633 | D:2      | 633 ||| Stepping ~*~*~tactically~*~*~ (hiding).
   785 | D:2      | 785 ||| Stepping ~*~*~tactically~*~*~ (stealth).
   791 | D:2      | 791 ||| Stepping ~*~*~tactically~*~*~ (hiding).
   794 | D:2      | 794 ||| Stepping ~*~*~tactically~*~*~ (hiding).
   795 | D:2      | 795 ||| Stepping ~*~*~tactically~*~*~ (hiding).
   806 | D:2      | Reached skill level 3 in Axes
   832 | D:2      | Reached XP level 3. HP: 20/23 MP: 3/3
  1475 | D:2      | 1475 ||| UPGRADING to +0 plate armour.
  1485 | D:2      | 1485 ||| DROPPING +0 scale mail.
  1486 | D:2      | 1486 ||| DROPPING ring of wizardry.
  1487 | D:2      | 1487 ||| READING scroll labelled KEDUYRPH MYHURY.
  1488 | D:2      | 1488 ||| READING scroll labelled GOOF JIANGEZXASTO.
  1489 | D:2      | 1489 ||| READING scroll labelled TUTHRI AROU.
  1490 | D:2      | 1490 ||| DRINKING 3 amethyst potions.
  1495 | D:2      | 1495 ||| DROPPING 2 potions of ambrosia.
  1535 | D:3      | Identified the +1 robe of Servitude {rF+ Will+ Str-2}
  1709 | D:3      | 1709 ||| FLEEEEING.
  1710 | D:3      | 1710 ||| FLEEEEING.
  1711 | D:3      | 1711 ||| FLEEEEING.
  1722 | D:3      | Reached XP level 4. HP: 28/28 MP: 4/4
  1741 | D:3      | Reached XP level 5. HP: 10/32 MP: 5/5
  1741 | D:3      | 1741 ||| FLEEEEING.
  1742 | D:3      | 1742 ||| STAIRDANCE
  1938 | D:3      | 1938 ||| Stepping ~*~*~tactically~*~*~ (hiding).
  2075 | D:3      | 2075 ||| Stepping ~*~*~tactically~*~*~ (hiding).
  2076 | D:3      | 2076 ||| Stepping ~*~*~tactically~*~*~ (hiding).
  2077 | D:3      | 2077 ||| Stepping ~*~*~tactically~*~*~ (hiding).
  2221 | D:3      | 2221 ||| Stepping ~*~*~tactically~*~*~ (stealth).
  2222 | D:3      | 2222 ||| Stepping ~*~*~tactically~*~*~ (stealth).
  2223 | D:3      | 2223 ||| Stepping ~*~*~tactically~*~*~ (stealth).
  2387 | D:3      | 2387 ||| Stepping ~*~*~tactically~*~*~ (stealth).
  2434 | D:3      | 2434 ||| READING scroll of enchant armour.
  2434 | D:3      | 2434 ||| ENCHANTING +0 plate armour.
  2447 | D:3      | 2447 ||| READING scroll labelled RIHOIHU KEOCYI.
  2637 | D:3      | 2637 ||| READING scroll labelled ASA PEWEINGAC.
  2793 | D:4      | HP: 7/32 [gnoll/+0 halberd (8)]
  2794 | D:4      | HP: 2/32 [gnoll/+0 halberd (6)]
  2919 | D:4      | Found a hazy altar of Hepliaklqana.
  3051 | D:4      | Found an ornate altar of the Wu Jian Council.
  3078 | D:4      | Noticed an ancient zyme
  3089 | D:4      | Found a transporter.
  3094 | D:4      | Noticed a small abomination
  3113 | D:4      | Noticed a small abomination
  3168 | D:4      | Found a transporter.
  3171 | D:4      | Noticed a kobold brigand
  3173 | D:4      | Found a one-way gate to the infinite horrors of the Abyss.
  3173 | D:4      | Noticed qw's ghost (amateur GrFi)
  3216 | D:4      | 3216 ||| DROPPING +0 club.
  3247 | D:4      | 3247 ||| Stepping ~*~*~tactically~*~*~ (stealth).
  3437 | D:4      | 3437 ||| Stepping ~*~*~tactically~*~*~ (hiding).
  3449 | D:4      | Reached XP level 6. HP: 33/38 MP: 6/6
  3511 | D:4      | 3511 ||| DROPPING +0 mace.
  3520 | D:4      | 3520 ||| Stepping ~*~*~tactically~*~*~ (stealth).
  3523 | D:4      | 3523 ||| Stepping ~*~*~tactically~*~*~ (stealth).
  3524 | D:4      | Noticed Robin
  3526 | D:4      | 3526 ||| Stepping ~*~*~tactically~*~*~ (hiding).
  3536 | D:4      | Killed Robin
  3568 | D:4      | Found a sacrificial altar of Ru.
  3746 | D:4      | 3746 ||| UPGRADING to +2 kite shield.
  3756 | D:4      | 3756 ||| DROPPING +0 buckler.
  3757 | D:4      | 3757 ||| READING 2 scrolls labelled TIP EH ZEFF.
  3758 | D:4      | 3758 ||| READING scroll of enchant weapon.
  3758 | D:4      | 3758 ||| ENCHANTING +1 war axe.
  3759 | D:4      | 3759 ||| DRINKING 2 bubbling dark potions.
  3760 | D:4      | 3760 ||| DRINKING 3 pink potions.
  3761 | D:4      | 3761 ||| READING 2 scrolls of identify.
  3761 | D:4      | 3761 ||| IDENTIFYING glowing coppery potion
  3775 | D:5      | Entered Level 5 of the Dungeon
  3882 | D:5      | Reached XP level 7. HP: 30/43 MP: 7/7
  3898 | D:5      | 3898 ||| Stepping ~*~*~tactically~*~*~ (hiding).
  3899 | D:5      | 3899 ||| Stepping ~*~*~tactically~*~*~ (hiding).
  3901 | D:5      | 3901 ||| Stepping ~*~*~tactically~*~*~ (hiding).
  3905 | D:5      | Reached skill level 6 in Axes
  3926 | D:5      | Reached skill level 6 in Shields
  3947 | D:5      | 3947 ||| Stepping ~*~*~tactically~*~*~ (stealth).
  3948 | D:5      | 3948 ||| Stepping ~*~*~tactically~*~*~ (stealth).
  3952 | D:5      | 3952 ||| Stepping ~*~*~tactically~*~*~ (stealth).
  4137 | D:5      | 4137 ||| Stepping ~*~*~tactically~*~*~ (stealth).
  4152 | D:5      | Found a basalt altar of Yredelemnul.
  4303 | D:5      | Found a bloodstained altar of Trog.
  4312 | D:5      | Found a hide-covered altar of Uskayaw.
  4313 | D:5      | 4313 ||| READING scroll labelled QAWYOCALOY.
  4314 | D:5      | 4314 ||| READING scroll labelled HEOLACO XATOLUTA.
  4315 | D:5      | 4315 ||| DRINKING 2 silvery potions.
  4377 | D:6      | Reached skill level 1 in Throwing
  4377 | D:6      | Reached XP level 8. HP: 45/48 MP: 8/8
  4561 | D:6      | 4561 ||| Stepping ~*~*~tactically~*~*~ (stealth).
  4576 | D:6      | HP: 10/48 [black bear (4)]
  4576 | D:6      | HP: 4/48 [black bear (4)]
  4577 | D:6      | 4577 ||| READING scroll of teleportation.
  4577 | D:6      | Slain by a black bear

Levels and vault maps discovered:
D:1:      spicycebolla_arrival_clurvy, layout_rooms,
          hellmonk_ecumenical_altar_leap_of_faith, roderic_roman_lattice
D:2:      layout_loops_ring, basic_altar, minmay_rat_gold_closets
D:3:      wander_river, layout_basic, bh_walls_and_bars
D:4:      layout_loops_ring, hangedman_ru_absence,
          mainiacjoe_overflow_big_doors, gammafunk_ghost_abyssal_escape,
          kennysheep_big_empty_room, uniq_robin
D:5:      layout_rooms, mainiacjoe_overflow_swirl,
          mainiacjoe_overflow_concentric_impassable
D:6:      layout_basic, amethyst_overflow_temple_binary

Skill      XL: |  1  2  3  4  5  6  7 |
---------------+----------------------+-----
Axes           | 2 3 4 5 6 |  6.7
Fighting       | 4 |  4.0
Shields        | 5 6 |  6.2
Throwing       | 1 |  1.3
Armour         | |  3.2

Action                     |  1- 3 |  4- 6 |  7- 9 || total
---------------------------+-------+-------+-------++-------
  Melee: War axe           |   116 |   168 |    65 ||   349
  Throw: Boomerang         |       |    45 |    25 ||    70
         Javelin           |       |       |    11 ||    11
    Use: Scroll            |     4 |     6 |     3 ||    13
         Potion            |     2 |     2 |     1 ||     5
 Armour: Scale mail        |    52 |       |       ||    52
         Plate armour      |    11 |   118 |    47 ||   176
  Dodge: Dodged            |    42 |    38 |    15 ||    95
  Block: Buckler           |    18 |    26 |       ||    44
         Kite shield       |       |     7 |    47 ||    54

Table legend:
 A = Non-vault XP
 B = Vault XP
 C = Vault XP percentage of total XP
 D = Non-vault monster count
 E = Vault monster count
 F = Vault count percentage of total count
                 A         B        C        D         E       F
            +---------+---------+-------+---------+---------+-------
      Total |    1314 |      42 |   3.1 |     108 |      18 |  14.3
            +---------+---------+-------+---------+---------+-------
        D:1 |      16 |       0 |   0.0 |       9 |       0 |   0.0
        D:2 |      38 |       6 |  13.6 |      20 |       6 |  23.1
        D:3 |     158 |       0 |   0.0 |      29 |       0 |   0.0
        D:4 |     134 |      36 |  21.2 |      21 |      12 |  36.4
        D:5 |     758 |       0 |   0.0 |      22 |       0 |   0.0
        D:6 |     210 |       0 |   0.0 |       7 |       0 |   0.0
            +---------+---------+-------+---------+---------+-------
